 Dungeon Crawl Stone Soup version 0.30-a0-170-g85af917532 (webtiles) character file.

Game seed: 7918535035679304489

1822 qw the Cleaver (level 9, -10/55 HPs)
             Began as a Gargoyle Fighter on Sept 30, 2022.
             Mangled by a wight
             ... wielding a +0 scimitar
              (13 damage)
             ... on level 7 of the Dungeon.
             The game lasted 00:02:31 (7391 turns).

qw the Cleaver (Gargoyle Fighter)                   Turns: 7391, Time: 00:02:32

Health: -10/55     AC: 19    Str: 25    XL:     9   Next: 10%
Magic:  9/9        EV:  8    Int:  8    God:
Gold:   28         SH:  4    Dex:  9    Spells: 8/8 levels left

rFire   . . .      SeeInvis .    Y - +1 war axe
rCold   + + .      Faith    .    c - +0 buckler
rNeg    + . .      Spirit   .    r - +0 chain mail
rPois   inf        Reflect  .    j - +2 helmet
rElec   +          Harm     .    h - scarf {repulsion}
rCorr   .          Rampage  .    (no gloves)
Will    .....                    (no boots)
Stlth   ..........               (no amulet)
HPRegen 0.18/turn                s - ring of protection from cold
MPRegen 0.11/turn                n - ring of protection from cold

@: about to teleport, repel missiles
A: sickness immunity, AC +6, negative energy resistance 1, electricity
resistance, torment resistance 1, petrification resistance
a: no special abilities


You were on level 7 of the Dungeon.
You visited 2 branches of the dungeon, and saw 8 of its levels.
You also visited: Sewer.

You collected 414 gold pieces.
You spent 386 gold pieces at shops.


Innate Abilities, Weirdness & Mutations

You are immune to sickness and miasma.
Your stone body is resilient. (AC +6)
You are immune to poison.
You resist negative energy. (rN+)
You are resistant to electric shocks. (rElec)
You are resistant to unholy torment.
You are immune to petrification.


   Skills:
 - Level 6.2 Fighting
 - Level 9.0 Axes
 - Level 4.5 Armour
 - Level 1.8 Dodging
 + Level 3.3 Shields


You had 8 spell levels left.
You didn't know any spells.
Your spell library was empty.

Inventory:

Hand Weapons
 a - a +0 morningstar
 Y - a +1 war axe (weapon)
Armour
 b - a +1 scale mail of cold resistance
 c - a +0 buckler (worn)
 h - a scarf of repulsion (worn)
 j - a +2 helmet (worn)
 r - a +0 chain mail (worn)
Jewellery
 n - a ring of protection from cold (right hand)
 p - a ring of resist corrosion
 q - a ring of resist corrosion
 s - a ring of protection from cold (left hand)
Scrolls
 e - 6 scrolls of teleportation
 f - a scroll of identify
Potions
 d - a potion of might
 g - 2 potions of resistance
 i - 4 potions of heal wounds
 k - a potion of mutation
 m - 4 potions of curing
 o - 2 potions of cancellation
 t - 2 potions of attraction
 v - a potion of haste

Dungeon Overview and Level Annotations

Branches:
Dungeon (7/15)             Temple (1/1) D:4           Sewer (visited)

Altars:
Ashenzari
Dithmenos
Elyvilon
Fedhas
Gozag
Hepliaklqana
Kikubaaqudgha
Makhleb
Nemelex Xobeh
Qazlal
Ru
Sif Muna
Trog
Uskayaw
Vehumet
Wu Jian
Yredelemnul
The Shining One

Shops:
D:1 (   D:6 !

Annotations:
D:7 Pikel


Message History

That felt strangely unrewarding.
You closely miss Pikel. You hit the lemure. You barely miss the wight.
You closely miss the lemure. You hit the wight. The lemure hits you.
The wight throws a stone.
The stone hits you but does no damage. The wight barely misses you.
The wight hits you with a +0 battleaxe! The lemure hits you.
Pikel hits you but does no damage.
You completely miss the lemure.
The lemure is moderately wounded.
You hit the wight. You closely miss the lemure. You slash the wight!
You closely miss Pikel. The lemure hits you but does no damage.
The wight throws a stone.
The stone barely misses you. The wight hits you but does no damage.
You block the wight's attack. The lemure hits you but does no damage.
Pikel hits you but does no damage.
You closely miss the wight.
The wight is severely damaged.
You completely miss the wight. You barely miss Pikel.
You closely miss the lemure. You barely miss the lemure.
You hit the wight but do no damage. The lemure hits you but does no damage.
The wight hits you but does no damage. x2
The wight barely misses you. The lemure closely misses you.
Pikel barely misses you.
You hit the wight.
The wight is almost destroyed.
You hit the lemure. You closely miss the wight. You hit the wight.
You barely miss Pikel. You hit the wight. You barely miss the lemure.
The lemure hits you but does no damage. x2
The wight hits you with a +1 long sword.
Pikel hits you but does no damage. The wight hits you but does no damage.
The wight hits you with a +3 dagger. The wight hits you but does no damage.
The lemure barely misses you. The wight hits you with a +0 battleaxe.
You block the wight's attack. The wight hits you but does no damage.
The lemure hits you but does no damage. The wight hits you with a +0 scimitar!
Pikel completely misses you.
7391 ||| READING 7 scrolls of teleportation.
As you read the scroll of teleportation, it crumbles to dust.
You feel strangely unstable. You block the lemure's attack.
You block the wight's attack. The wight hits you with a +0 scimitar!
You die...

#......?...### ##..#
#.)......#...###...###
###....######........##
##... ##........## ###.
###.........# #.
###...........#
##..............
#.......Kzz.......
.......5z@........
........55z.......
..................
..................
.........=.......
................
...............
...............


You could see Pikel, 3 lemures and 4 wights.

Vanquished Creatures
  A water moccasin (D:6)
  A sky beast (D:6)
  A black bear (D:4)
  2 centaurs (D:6)
  A lemure (D:7)
  A phantom (D:4)
  2 kobold brigands
  5 bullfrogs
  A gnoll sergeant (D:5)
  2 necrophages
  A wight (D:7)
  A howler monkey (D:5)
  3 hounds (D:4)
  2 orc priests
  3 iguanas
  2 orc wizards (D:7)
  10 gnolls
  8 adders
  2 river rats (Sewer)
  3 worms
  2 dart slugs
  16 orcs
  6 endoplasms
  2 giant cockroaches (D:3)
  8 goblins
  A hobgoblin (D:1)
  4 jackals (D:1)
  2 quokkas (D:3)
  8 ball pythons
  3 bats
  4 frilled lizards
  17 kobolds
  5 rats
130 creatures vanquished.

Notes
Turn   | Place    | Note
-------+----------+-------------------------------------------
     0 | D:1      | qw the Gargoyle Fighter began the quest for the Orb.
     0 | D:1      | Reached XP level 1. HP: 14/14 MP: 1/1
     0 | D:1      | 0 ||| qw: Version: 0.2-a-12-gaebbb33
     0 | D:1      | 0 ||| qw: Game counter: 1636
     0 | D:1      | 0 ||| qw: Always use a shield: true
     0 | D:1      | 0 ||| qw: God list: Okawaru
     0 | D:1      | 0 ||| qw: Allow faded altars: false
     0 | D:1      | 0 ||| qw: Do Orc after D:15 true
     0 | D:1      | 0 ||| qw: Do second Lair branch before Depths: true
     0 | D:1      | 0 ||| qw: Lair rune preference: random
     0 | D:1      | 0 ||| qw: Plans: Normal, Zot:1-4, God:TSO, Crypt, Tomb,
                  | Pan, Slime:5, Hells, Abyss, Orb
     0 | D:1      | 0 ||| PLANNING D:1-11
    35 | D:1      | Reached skill level 2 in Axes
    44 | D:1      | Found Jutekoteilicw's Weapon Emporium.
    62 | D:1      | Reached XP level 2. HP: 19/19 MP: 2/2
    65 | D:1      | 65 ||| Stepping ~*~*~tactically~*~*~ (stealth).
    66 | D:1      | 66 ||| Stepping ~*~*~tactically~*~*~ (stealth).
    78 | D:1      | 78 ||| BUYING +0 club (12 gold).
    78 | D:1      | Bought a +0 club for 12 gold pieces
    79 | D:1      | Found a faded altar of an unknown god.
   192 | D:1      | 192 ||| DROPPING +0 club.
   251 | D:1      | Reached skill level 3 in Axes
   344 | D:1      | Reached XP level 3. HP: 17/23 MP: 3/3
   587 | D:1      | 587 ||| UPGRADING to ring of resist corrosion.
   588 | D:1      | 588 ||| READING scroll labelled SESOHO VENAO.
   589 | D:1      | 589 ||| READING scroll labelled BEPILAE WECZIT.
   590 | D:1      | 590 ||| READING scroll labelled UKANOMM WAMMO.
   634 | D:1      | 634 ||| READING scroll labelled PALO IDIDD.
   635 | D:1      | 635 ||| READING scroll labelled ZUYFOI VUBBORCH.
   636 | D:1      | 636 ||| DRINKING 2 grey potions.
   785 | D:2      | 785 ||| Stepping ~*~*~tactically~*~*~ (hiding).
  1641 | D:2      | 1641 ||| UPGRADING to +2 helmet.
  1646 | D:2      | 1646 ||| READING scroll labelled TUM YHYETIOWOI.
  1647 | D:2      | 1647 ||| READING 2 scrolls labelled JAZOED HICHOE.
  1650 | D:2      | 1650 ||| READING scroll labelled VASAIH NUPTIGU.
  1651 | D:2      | 1651 ||| DRINKING 3 viscous orange potions.
  1699 | D:3      | 1699 ||| PLANNING SEWER
  1710 | D:3      | Found a stormy altar of Qazlal.
  1711 | D:3      | Found a sacrificial altar of Ru.
  1904 | D:3      | 1904 ||| DROPPING +0 whip.
  1914 | D:3      | Found a glowing drain.
  1964 | D:3      | Reached XP level 4. HP: 28/28 MP: 4/4
  1999 | Sewer    | Entered a sewer
  2001 | Sewer    | 2001 ||| Stepping ~*~*~tactically~*~*~ (stealth).
  2038 | Sewer    | Reached skill level 4 in Axes
  2214 | Sewer    | 2214 ||| Stepping ~*~*~tactically~*~*~ (stealth).
  2215 | Sewer    | 2215 ||| Stepping ~*~*~tactically~*~*~ (stealth).
  2658 | Sewer    | Noticed a kobold brigand
  2673 | Sewer    | Killed a kobold brigand
  2674 | Sewer    | Reached skill level 5 in Axes
  2674 | Sewer    | Reached XP level 5. HP: 27/32 MP: 5/5
  2769 | D:3      | 2769 ||| PLANNING D:1-11
  3516 | D:3      | 3516 ||| UPGRADING to ring of protection from cold.
  3517 | D:3      | 3517 ||| READING scroll labelled FURUOG DURGHA.
  3518 | D:3      | 3518 ||| DRINKING 2 lumpy emerald potions.
  3601 | D:4      | Reached XP level 6. HP: 35/38 MP: 6/6
  3934 | D:4      | Reached skill level 1 in Dodging
  3953 | D:4      | 3953 ||| Stepping ~*~*~tactically~*~*~ (stealth).
  3954 | D:4      | 3954 ||| Stepping ~*~*~tactically~*~*~ (stealth).
  4073 | D:4      | Found a staircase to the Ecumenical Temple.
  4074 | D:4      | 4074 ||| PLANNING TEMPLE
  4078 | D:4      | HP: 9/38 [gnoll/+2 vorpal halberd (2)]
  4079 | D:4      | 4079 ||| READING 5 scrolls of teleportation.
  4080 | D:4      | 4080 ||| DRINKING 4 potions of heal wounds.
  4125 | D:4      | 4125 ||| FLEEEEING.
  4126 | D:4      | 4126 ||| FLEEEEING.
  4133 | D:4      | Reached XP level 7. HP: 41/43 MP: 7/7
  4147 | D:4      | 4147 ||| UPGRADING to +0 chain mail.
  4157 | D:4      | 4157 ||| DROPPING +0 scale mail.
  4158 | D:4      | 4158 ||| UPGRADING to ring of protection from cold.
  4160 | D:4      | 4160 ||| READING scroll labelled VAWOAS KESOMN.
  4161 | D:4      | 4161 ||| READING 2 scrolls of identify.
  4161 | D:4      | 4161 ||| IDENTIFYING amethyst potion
  4162 | D:4      | 4162 ||| DROPPING potion of invisibility.
  4174 | Temple   | Entered the Ecumenical Temple
  4378 | Temple   | 4378 ||| PLANNING D:1-11
  4740 | D:4      | Reached skill level 6 in Axes
  4848 | D:4      | Found a basalt altar of Yredelemnul.
  5212 | D:5      | Entered Level 5 of the Dungeon
  5574 | D:5      | 5574 ||| Stepping ~*~*~tactically~*~*~ (hiding).
  5583 | D:5      | Reached skill level 7 in Axes
  5591 | D:5      | 5591 ||| FLEEEEING.
  5592 | D:5      | 5592 ||| FLEEEEING.
  5593 | D:5      | 5593 ||| FLEEEEING.
  5594 | D:5      | 5594 ||| FLEEEEING.
  5595 | D:5      | 5595 ||| FLEEEEING.
  5596 | D:5      | 5596 ||| FLEEEEING.
  5597 | D:5      | 5597 ||| FLEEEEING.
  5598 | D:5      | 5598 ||| FLEEEEING.
  5599 | D:5      | 5599 ||| FLEEEEING.
  5600 | D:5      | 5600 ||| FLEEEEING.
  5601 | D:5      | 5601 ||| FLEEEEING.
  5602 | D:5      | 5602 ||| FLEEEEING.
  5603 | D:5      | 5603 ||| FLEEEEING.
  5604 | D:5      | 5604 ||| FLEEEEING.
  5605 | D:5      | 5605 ||| FLEEEEING.
  5606 | D:5      | 5606 ||| FLEEEEING.
  5607 | D:5      | 5607 ||| FLEEEEING.
  5608 | D:5      | 5608 ||| FLEEEEING.
  5609 | D:5      | 5609 ||| FLEEEEING.
  5610 | D:5      | 5610 ||| FLEEEEING.
  5611 | D:5      | 5611 ||| FLEEEEING.
  5612 | D:5      | 5612 ||| FLEEEEING.
  5613 | D:5      | 5613 ||| FLEEEEING.
  5614 | D:5      | 5614 ||| FLEEEEING.
  5615 | D:5      | 5615 ||| FLEEEEING.
  5616 | D:5      | 5616 ||| FLEEEEING.
  5617 | D:5      | 5617 ||| FLEEEEING.
  5618 | D:5      | 5618 ||| FLEEEEING.
  5619 | D:5      | 5619 ||| FLEEEEING.
  5620 | D:5      | 5620 ||| FLEEEEING.
  5621 | D:5      | 5621 ||| FLEEEEING.
  5622 | D:5      | 5622 ||| FLEEEEING.
  5623 | D:5      | 5623 ||| FLEEEEING.
  5624 | D:5      | 5624 ||| FLEEEEING.
  5625 | D:5      | 5625 ||| FLEEEEING.
  5626 | D:5      | 5626 ||| FLEEEEING.
  5627 | D:5      | 5627 ||| FLEEEEING.
  5628 | D:5      | 5628 ||| FLEEEEING.
  5630 | D:5      | 5630 ||| FLEEEEING.
  5631 | D:5      | 5631 ||| FLEEEEING.
  5633 | D:5      | 5633 ||| FLEEEEING.
  5634 | D:5      | 5634 ||| FLEEEEING.
  5635 | D:5      | 5635 ||| FLEEEEING.
  5636 | D:5      | 5636 ||| FLEEEEING.
  5637 | D:5      | 5637 ||| FLEEEEING.
  5638 | D:5      | 5638 ||| FLEEEEING.
  5639 | D:5      | 5639 ||| FLEEEEING.
  5640 | D:5      | 5640 ||| FLEEEEING.
  5641 | D:5      | 5641 ||| FLEEEEING.
  5642 | D:5      | 5642 ||| FLEEEEING.
  5643 | D:5      | 5643 ||| FLEEEEING.
  5644 | D:5      | 5644 ||| FLEEEEING.
  5645 | D:5      | 5645 ||| FLEEEEING.
  5646 | D:5      | 5646 ||| FLEEEEING.
  5647 | D:5      | 5647 ||| FLEEEEING.
  5648 | D:5      | 5648 ||| FLEEEEING.
  5649 | D:5      | 5649 ||| FLEEEEING.
  5650 | D:5      | 5650 ||| FLEEEEING.
  5651 | D:5      | 5651 ||| FLEEEEING.
  5652 | D:5      | 5652 ||| FLEEEEING.
  5653 | D:5      | 5653 ||| FLEEEEING.
  5654 | D:5      | 5654 ||| FLEEEEING.
  5655 | D:5      | 5655 ||| FLEEEEING.
  5656 | D:5      | 5656 ||| FLEEEEING.
  5657 | D:5      | 5657 ||| FLEEEEING.
  5658 | D:5      | 5658 ||| FLEEEEING.
  5659 | D:5      | 5659 ||| FLEEEEING.
  5660 | D:5      | 5660 ||| FLEEEEING.
  5661 | D:5      | 5661 ||| FLEEEEING.
  5662 | D:5      | 5662 ||| FLEEEEING.
  5663 | D:5      | 5663 ||| FLEEEEING.
  5664 | D:5      | 5664 ||| FLEEEEING.
  5665 | D:5      | 5665 ||| FLEEEEING.
  5666 | D:5      | 5666 ||| STAIRDANCE
  5907 | D:5      | HP: 11/44 [gnoll sergeant/+1 trident of freezing (1)]
  5908 | D:5      | 5908 ||| READING 5 scrolls of teleportation.
  5909 | D:5      | 5909 ||| DRINKING 3 potions of heal wounds.
  5912 | D:5      | Reached XP level 8. HP: 31/49 MP: 8/8
  6338 | D:5      | 6338 ||| UPGRADING to scarf of repulsion.
  6343 | D:5      | 6343 ||| READING scroll labelled IDICEW INIPP.
  6592 | D:6      | Found a white marble altar of Elyvilon.
  6669 | D:6      | Reached skill level 8 in Axes
  6680 | D:6      | 6680 ||| Stepping ~*~*~tactically~*~*~ (stealth).
  6789 | D:6      | Reached skill level 6 in Fighting
  6873 | D:6      | 6873 ||| Stepping ~*~*~tactically~*~*~ (stealth).
  6875 | D:6      | 6875 ||| Stepping ~*~*~tactically~*~*~ (stealth).
  6876 | D:6      | 6876 ||| Stepping ~*~*~tactically~*~*~ (stealth).
  6980 | D:6      | 6980 ||| Stepping ~*~*~tactically~*~*~ (hiding).
  7188 | D:6      | Found Xegep's Distillery.
  7197 | D:6      | 7197 ||| BUYING potion of attraction (33 gold).
  7197 | D:6      | Bought a potion of attraction for 33 gold pieces
  7197 | D:6      | 7197 ||| BUYING potion of cancellation (88 gold).
  7197 | D:6      | Bought a potion of cancellation for 88 gold pieces
  7197 | D:6      | 7197 ||| BUYING potion of curing (33 gold).
  7197 | D:6      | Bought a potion of curing for 33 gold pieces
  7197 | D:6      | 7197 ||| BUYING potion of haste (110 gold).
  7197 | D:6      | Bought a potion of haste for 110 gold pieces
  7197 | D:6      | 7197 ||| BUYING potion of heal wounds (55 gold).
  7197 | D:6      | Bought a potion of heal wounds for 55 gold pieces
  7197 | D:6      | 7197 ||| BUYING potion of heal wounds (55 gold).
  7197 | D:6      | Bought a potion of heal wounds for 55 gold pieces
  7238 | D:6      | 7238 ||| READING scroll labelled OFFIPS OZ JULOMI.
  7239 | D:6      | 7239 ||| READING 3 scrolls of identify.
  7239 | D:6      | 7239 ||| IDENTIFYING clear potion
  7240 | D:6      | 7240 ||| READING 2 scrolls of identify.
  7240 | D:6      | 7240 ||| IDENTIFYING fizzy coppery potion
  7241 | D:6      | 7241 ||| DROPPING potion of berserk rage.
  7260 | D:7      | 7260 ||| STAIRDANCE
  7267 | D:7      | 7267 ||| STAIRDANCE
  7269 | D:6      | 7269 ||| DRINKING 5 potions of curing.
  7269 | D:6      | 7269 ||| (to cure confusion)
  7271 | D:6      | Reached XP level 9. HP: 55/55 MP: 9/9
  7273 | D:7      | 7273 ||| STAIRDANCE
  7314 | D:7      | 7314 ||| STAIRDANCE
  7378 | D:7      | Noticed Pikel
  7384 | D:7      | Reached skill level 9 in Axes
  7390 | D:7      | HP: 10/55 [wight/+0 battleaxe (4)]
  7390 | D:7      | HP: 3/55 [wight/+0 scimitar (7)]
  7391 | D:7      | 7391 ||| READING 7 scrolls of teleportation.
  7391 | D:7      | Mangled by a wight

Levels and vault maps discovered:
D:1:      minmay_arrival_arboretum_small, layout_basic, serial_shops, shop,
          hellmonk_ecumenical_altar_dog_temple, minmay_misc_feat_rows,
          grunt_decor_resistance, minmay_misc_feat_room
D:2:      layout_basic
D:3:      layout_basic, nicolae_overflow_squiral, portal_sewer_entry_f
D:4:      layout_basic, marbit_many_paths, temple_green, minmay_liquid_box,
          serial_bayou_pond_c
D:5:      layout_basic
D:6:      layout_rooms, kennysheep_mini_moat, serial_shops,
          nicolae_lakefront_shop
D:7:      layout_layer_cave, minmay_manual_mandibuliform, uniq_pikel
Temple:   eino_temple_water

Skill      XL: |  1  2  3  4  5  6  7  8  9 |
---------------+----------------------------+-----
Axes           | 2 3 5 7 8 9 |  9.0
Fighting       | 4 5 6 |  6.2
Dodging        | 1 |  1.8
Armour         | 4 |  4.5
Shields        | |  3.3

Action                   |  1- 3 |  4- 6 |  7- 9 || total
-------------------------+-------+-------+-------++-------
Melee: War axe           |   102 |   164 |   221 ||   487
  Use: Scroll            |     8 |     2 |     8 ||    18
       Potion            |     2 |     2 |     2 ||     6
Armor: Scale mail        |    58 |    83 |       ||   141
       Chain mail        |       |       |   170 ||   170
Dodge: Dodged            |    42 |    68 |   120 ||   230
       Repelled          |       |       |     2 ||     2
Block: Buckler           |    14 |    25 |    39 ||    78

Table legend:
 A = Non-vault XP
 B = Vault XP
 C = Vault XP percentage of total XP
 D = Non-vault monster count
 E = Vault monster count
 F = Vault count percentage of total count
                 A         B        C        D         E       F
            +---------+---------+-------+---------+---------+-------
      Total |    2304 |     299 |  11.5 |      99 |      30 |  23.3
            +---------+---------+-------+---------+---------+-------
        D:1 |      31 |       8 |  20.5 |      18 |       4 |  18.2
        D:2 |      19 |       0 |   0.0 |       6 |       0 |   0.0
        D:3 |      59 |       8 |  11.9 |       9 |       4 |  30.8
        D:4 |     484 |     121 |  20.0 |      20 |       1 |   4.8
        D:5 |     334 |       0 |   0.0 |      16 |       0 |   0.0
        D:6 |    1133 |       0 |   0.0 |      25 |       0 |   0.0
        D:7 |     244 |       0 |   0.0 |       5 |       0 |   0.0
      Sewer |       0 |     162 | 100.0 |       0 |      21 | 100.0
            +---------+---------+-------+---------+---------+-------
